 Dungeon Crawl Stone Soup version 0.27-a0-909-g0721f309d1 (webtiles) character file.

Game seed: 15964699598934928484

14 EnegeticOcto the Magician (level 2, -3/21 HPs)
             Began as a Djinni Earth Elementalist on Apr 8, 2021.
             Was a Follower of Makhleb.
             Slain by a phantom (9 damage)
             ... on level 4 of the Dungeon.
             The game lasted 00:02:04 (263 turns).

EnegeticOcto the Magician (DjEE)                     Turns: 263, Time: 00:02:05

Health: -3/21      AC:  2    Str:  7    XL:     2   Next: 41%
Gold:   43         EV: 12    Int: 16    God:    Makhleb [*.....] SH:  0 Dex: 13

rFire    + + .     SeeInvis .   d - +3 hand axe
rCold    x . .     Faith    .   (no shield)
rNeg     . . .     Spirit   .   c - +0 robe
rPois    ∞         Reflect  .   (no helmet)
rElec    .         Harm     .   (no cloak)
rCorr    .         Rampage  .   (no gloves)
Will     .....                  (boots unavailable)
Stlth    ++........             (no amulet)
HPRegen  0.07/turn              (no ring)
MPRegen  0.00/turn              (no ring)

@: flying
A: fire resistance 2, cold vulnerability 1, float, innate caster, hp casting,
extra vitality 1
a: Renounce Religion


You were on level 4 of the Dungeon.
You worshipped Makhleb.
Makhleb was aware of your devotion.
You visited 1 branch of the dungeon, and saw 4 of its levels.

You collected 43 gold pieces.

Inventory:

Hand Weapons
 d - a +3 hand axe (weapon)
   (You took it off an orc on level 3 of the Dungeon)
Missiles
 b - 33 stones
Armour
 c - a +0 robe (worn)
Scrolls
 a - a scroll of identify {unknown}
 e - a scroll of enchant weapon {unknown}


   Skills:
 - Level 2.1 Dodging
 - Level 1.5 Stealth
 + Level 3.3 Spellcasting


You couldn't memorise any spells.
You knew the following spells:

 Your Spells              Type           Power      Damage    Failure   Level
a - Sandblast             Erth           26%        2d8       4%          1
b - Stone Arrow           Conj/Erth      26%        3d8       14%         3
c - Petrify               Tmut/Erth      13%        N/A       43%         4
d - Lee's Rapid Deconstr  Erth           6%         3d7*      78%         5
p - Passwall              Tmut/Erth      10%        N/A       7%          2
Your spell library was empty.

Dungeon Overview and Level Annotations

Branches:
Dungeon (4/15)
 Temple: D:4-7

Altars:
Makhleb
Qazlal
Xom

Annotations:
D:3 1 transporter, chipmonk's ghost, amateur FoFi


Innate Abilities, Weirdness & Mutations

You are immune to poison.
Your flesh is very heat resistant. (rF++)
You are vulnerable to cold. (rC-)
You float through the air rather than walking.
You learn spells naturally, not from books.
Your magical power is your life essence.
You have superior vitality. (+4 HP)


Message History

Press: ? - help, Shift-Dir - straight line, f - quokka
Aim: a quokka (29% to evade)
The blast of sand hits the quokka.
The quokka is severely wounded.
Casting: Sandblast (safe; 4% risk of failure)
Confirm with . or Enter, or press ? or * to list all spells.
Aiming: Sandblast (safe; 4% risk of failure)
Press: ? - help, Shift-Dir - straight line, f/p - quokka
Aim: a quokka (severely wounded, 29% to evade)
The blast of sand misses the quokka.
The quokka misses you.
Casting: Sandblast (safe; 4% risk of failure)
Confirm with . or Enter, or press ? or * to list all spells.
Aiming: Sandblast (safe; 4% risk of failure)
Press: ? - help, Shift-Dir - straight line, f/p - quokka
Aim: a quokka (severely wounded, 29% to evade)
The blast of sand hits the quokka.
You kill the quokka!
Makhleb accepts your kill. The rat closely misses you.
Casting: Sandblast (safe; 4% risk of failure)
Confirm with . or Enter, or press ? or * to list all spells.
Aiming: Sandblast (safe; 4% risk of failure)
Press: ? - help, Shift-Dir - straight line, f - rat
Aim: a rat (21% to evade)
The blast of sand hits the rat!
You kill the rat!
Makhleb accepts your kill.
You feel better.
The hobgoblin shouts!
Casting: Sandblast (safe; 4% risk of failure)
Confirm with . or Enter, or press ? or * to list all spells.
Aiming: Sandblast (safe; 4% risk of failure)
Press: ? - help, Shift-Dir - straight line, f - hobgoblin
Aim: a hobgoblin (21% to evade)
The blast of sand hits the hobgoblin.
You kill the hobgoblin!
Makhleb accepts your kill.
You now have 43 gold pieces (gained 10).
You reach down and open the door.
There is an open door here.
A goblin comes into view. It is wielding a +0 club.
Casting: Sandblast (safe; 4% risk of failure)
Confirm with . or Enter, or press ? or * to list all spells.
Aiming: Sandblast (safe; 4% risk of failure)
Press: ? - help, Shift-Dir - straight line, f - goblin
Aim: a goblin, wielding a +0 club (asleep, 0% to evade)
The blast of sand hits the goblin!
You kill the goblin!
Makhleb accepts your kill.
Found a shimmering altar of Xom.
Things that are here:
a +0 club; a goblin corpse
(D) Dungeon
Where to? (Enter - D:3, ? - help)
There is a stone staircase leading down here.
You fly downwards.
Found an escape hatch in the ceiling.
There is a stone staircase leading up here.
Found a scimitar.
Found a scroll labelled PELAVV WOIRE.
Found a stone staircase leading down.
Found a scroll labelled URICI YGONWOZO.
Found 9 gold pieces.
Found a stone staircase leading down.
A phantom comes into view.
Found 9 gold pieces.
You see here a scroll labelled PELAVV WOIRE.
e - a scroll labelled PELAVV WOIRE
Press: ? - help, v - describe, . - travel
Here: a phantom The floor.
Casting: Sandblast (safe; 4% risk of failure)
Confirm with . or Enter, or press ? or * to list all spells.
Aiming: Sandblast (safe; 4% risk of failure)
Press: ? - help, Shift-Dir - straight line, f - phantom
Aim: a phantom (29% to evade)
The blast of sand misses the phantom.
Casting: Sandblast (safe; 4% risk of failure)
Confirm with . or Enter, or press ? or * to list all spells.
Aiming: Sandblast (safe; 4% risk of failure)
Press: ? - help, Shift-Dir - straight line, f/p - phantom
Aim: a phantom (29% to evade)
The blast of sand hits the phantom.
The phantom is moderately damaged.
Casting: Sandblast (safe; 4% risk of failure)
Confirm with . or Enter, or press ? or * to list all spells.
Aiming: Sandblast (safe; 4% risk of failure)
Press: ? - help, Shift-Dir - straight line, f/p - phantom
Aim: a phantom (moderately damaged, 29% to evade)
The blast of sand misses the phantom.
Casting: Sandblast (safe; 4% risk of failure)
Confirm with . or Enter, or press ? or * to list all spells.
Aiming: Sandblast (safe; 4% risk of failure)
Press: ? - help, Shift-Dir - straight line, f/p - phantom
Aim: a phantom (lightly damaged, 29% to evade)
The blast of sand misses the phantom.
The phantom hits you!
* * * LOW HITPOINT WARNING * * *
You aren't carrying any potions.
There is a stone staircase leading up here.
The phantom hits you!
You die...

#### . ..... .... ##..
..8.. ....# #.. #.....
..... ##.## ....
#....## #)..# ###...
#.....## #..####...#
.......###....#....#
.............##W@.#
.................##
.................#
>..#?.....###.##......
##.......## ####.###..
.......... ..<
.$...>..... ...#
........##.. ...#
......... #. ...


You could see a phantom.

Vanquished Creatures
  An orc (D:3)
  2 bats
  An endoplasm (D:1)
  A goblin (D:3)
  A hobgoblin (D:3)
  2 kobolds
  A quokka (D:3)
  2 rats
11 creatures vanquished.

Vanquished Creatures (others)
  2 plants (D:3)
2 creatures vanquished.

Grand Total: 13 creatures vanquished

Notes
Turn   | Place    | Note
-------+----------+-------------------------------------------
     0 | D:1      | EnegeticOcto the Djinni Earth Elementalist began the quest
                  | for the Orb.
     0 | D:1      | Reached XP level 1. HP: 15/15 MP: 0/0
    34 | D:1      | Found a faded altar of an unknown god.
    41 | D:1      | Became a worshipper of Makhleb the Destroyer
    41 | D:1      | Reached * piety under Makhleb
    50 | D:1      | Reached skill level 3 in Spellcasting
    80 | D:2      | Found a stormy altar of Qazlal.
   111 | D:3      | Noticed a gnoll sergeant
   119 | D:3      | Found a transporter.
   119 | D:3      | Noticed chipmonk's ghost (amateur FoFi)
   120 | D:3      | Noticed a gnoll shaman
   163 | D:3      | Reached XP level 2. HP: 18/21 MP: 0/0
   208 | D:3      | Found a shimmering altar of Xom.
   243 | D:4      | Noticed a phantom
   263 | D:4      | Slain by a phantom

Illustrated notes

Levels and vault maps discovered:
D:1:      minmay_arrival_nine_rooms, layout_basic,
          shapermc_ecumenical_altar_mp_highgroup, serial_co_window_serial,
          co_window_of_opportunity_a, co_window_of_opportunity_a,
          co_window_paths_b, co_window_corner_a, co_window_of_opportunity_a,
          co_window_cross_2, co_window_corner_ca, co_window_corner_ca,
          co_window_corner_b, co_window_paths_d, glass_columns_b,
          minmay_small_reverse_x
D:2:      minmay_recursive_quarters, layout_loops_ring, basic_altar,
          serial_shops, shop
D:3:      wad_woods_tower, layout_basic, nicolae_ru_the_path_less_chosen,
          overflow_temple_1_default, gammafunk_ghost_gnarly_gnolls
D:4:      layout_cave_pools, amcnicky_altar_gilded, serial_column_ruins,
          column_ruins_hut_pillars, column_ruins_open_small,
          column_ruins_corridor_corner, column_ruins_columns_dead_end,
          column_ruins_columns_dead_end, column_ruins_corridor_straight,
          column_ruins_open_tiny

Skill      XL: |  1 |
---------------+----+-----
Spellcasting   | 3 |  3.3
Dodging        | |  2.1
Stealth        | |  1.5

Action                   || total
-------------------------++-------
 Cast: Sandblast         ||    17
Dodge: Dodged            ||     2

Table legend: (Time is in decaauts)
 A = Elapsed time spent in this place.
 B = Non-inter-level travel time spent in this place.
 C = Inter-level travel time spent in this place.
 D = Time resting spent in this place.
 E = Time spent auto-exploring this place.
 F = Levels seen in this place.
 G = Mean time per level.
                   A        B        C        D        E       F      G
               +--------+--------+--------+--------+--------+-----+--------+
         Total |    261 |    244 |     17 |      0 |      0 |   4 |   65.2 |
       Dungeon |    261 |    244 |     17 |      0 |      0 |   4 |   65.2 |
               +--------+--------+--------+--------+--------+-----+--------+

Top non-repeatable levels by time:
     D:3: 141 daAuts
     D:1: 80 daAuts
     D:4: 30 daAuts
     D:2: 9 daAuts
